 Dungeon Sprint DCSS version 0.17-b1-15-g0f5fb43 (webtiles) character file.

275 Kidiri the Covert (level 6, -8/32 HPs)
             Began as a Spriggan Enchanter on Nov 2, 2015.
             Was an Initiate of Dithmenos.
             Mangled by a spatial vortex (25 damage)
             ... in the Dungeon (Sprint III: "The Ten Rune Challenge").
             The game lasted 00:08:15 (743 turns).

Kidiri the Covert (Spriggan Enchanter)               Turns: 743, Time: 00:08:15

Health: -8/32      AC:  3    Str:  4    XL:     6   Next: 3%
Magic:  1/16       EV: 24    Int: 17    God:    Dithmenos [......]
Gold:   19         SH:  0    Dex: 18    Spells: 5 memorised, 6 levels left

rFire  + . .     SeeInvis +     a - +1 dagger
rCold  + . .     Clarity  .     b - +1 robe
rNeg   . . .     SustAt   .     (shield restricted)
rPois  .         Gourm    .     (helmet restricted)
rElec  .         Spirit   .     (no cloak)
rCorr  .         Warding  .     (gloves unavailable)
rMut   .         NoTele   +     (boots unavailable)
MR     +....                    (no amulet)
Stlth  +++++.....               (no ring)
                                (no ring)

@: very quick, somewhat resistant to hostile enchantments, quite stealthy
A: unfitting armour, see invisible, cold resistance 1, fire resistance 1,
herbivore 3, speed 3, slow metabolism 2, subdued magic 1
a: Renounce Religion


You were in the Dungeon.
You worshipped Dithmenos.
Dithmenos was noncommittal.
You were not hungry.

You visited 1 branch You collected 19 gold pieces.

Inventory:

Hand Weapons
 a - a +1 dagger (weapon)
Armour
 b - a +1 robe (worn)
Scrolls
 j - a scroll of blinking
 m - a scroll of holy word
 q - a scroll of torment
 r - a scroll of remove curse
Potions
 f - a potion of heal wounds
 g - a potion of haste
 h - a potion of magic
 i - a potion of berserk rage
 o - 2 potions of cure mutation
 p - 4 potions of flight
 t - a potion of brilliance
Books
 c - a book of Maledictions

   Spells                             Type                      Level
   a - Corona                         Hexes                        1
   b - Ensorcelled Hibernation        Hexes/Ice                    2
   c - Confuse                        Hexes                        3
   d - Tukima's Dance                 Hexes                        3
   e - Dazzling Spray                 Conjuration/Hexes            3
Miscellaneous
 e - a crystal ball of energy
Comestibles
 d - a bread ration
 n - 2 royal jellies
 s - 3 fruits


   Skills:
 + Level 2.4 Fighting
 * Level 5.6 Short Blades
 + Level 2.3 Armour
 * Level 8.0 Dodging
 * Level 8.9 Stealth
 * Level 6.5 Spellcasting
 + Level 1.8 Conjurations
 + Level 5.7 Hexes
 + Level 2.1 Ice Magic
 + Level 0.0 Invocations


You had 6 spell levels left.
You knew the following spells:

 Your Spells              Type           Power        Failure   Level  Hunger
a - Corona                Hex            ###....      1%          1    None
b - Ensorcelled Hibernat  Hex/Ice        ##....       1%          2    None
c - Confuse               Hex            ###.....     1%          3    ##.....
d - Tukima's Dance        Hex            ###.....     1%          3    ##.....
e - Dazzling Spray        Conj/Hex       ##......     4%          3    ##.....


Dungeon Overview and Level Annotations

Branches:
Dungeon (1/1)

Altars:
Dithmenos
Gozag
Makhleb
Nemelex Xobeh
Qazlal
Ru
Xom
Jiyva
Lugonu


Innate Abilities, Weirdness & Mutations

You are tiny and cannot use many weapons and most armour.
You have supernaturally acute eyesight.
You are a herbivore.
You cover ground extremely quickly.
You need consume almost no food.
Your flesh is cold resistant.
Your flesh is heat resistant.
Your spells are a little easier to cast, but a little less powerful.


Message History

The spray of energy hits the spatial vortex.
The spatial vortex is almost destroyed.
There is a sacrificial altar of Ru here.
There is a viscous altar of Jiyva here.
There is a shadowy altar of Dithmenos here.
The spatial vortex hits you! Space bends around you.
There is a sparkling altar of Nemelex Xobeh here.
You see here a crystal ball of energy.
e - a crystal ball of energy You hit the spatial vortex.
The spatial vortex is almost destroyed.
You hit the spatial vortex.
The spatial vortex is almost destroyed.
You hit the spatial vortex.
The spatial vortex is almost destroyed.
You hit the spatial vortex.
The spatial vortex is almost destroyed.
The spatial vortex hits you!!
Ouch! That really hurt!
You die...

...♣.♣♣ ♣.# ....♣.♣ ♣.#
......♣ ♣♣.#
....≈.♣♣♣..###+#+###+##
...≈≈♣..♣♣.#..........#
..≈≈≈≈..♣..'.⌠........#
..≈≈≈≈≈≈.♣.#...######+#
.≈≈≈≈≈≈....#.⌠.#__#...#
##
.≈≈≈≈≈.....#...#@_#...#
§§
.≈≈≈.......#+###_v#...#.#
...........# #__#...+.#
...........# #_.'...#.#
▓▓▓▓▓▓▓▓▓▓▓▓ ▓▓▓▓▓▓▓▓▓▓


You could see a spatial vortex.

Vanquished Creatures
  A shadow (D)
  A water elemental (D)
  A jelly (D)
  Jessica (D)
  A human (D)
  A phantom (D)
  3 rats (D)
9 creatures vanquished.

Vanquished Creatures (others)
  2 draconian scorchers (D)
  2 yaktaurs (D)
4 creatures vanquished.

Grand Total: 13 creatures vanquished

Notes
Turn   | Place    | Note
--------------------------------------------------------------
     0 | D        | Kidiri the Spriggan Enchanter began the quest for the Orb.
     0 | D        | Reached XP level 1. HP: 9/9 MP: 5/5
    16 | D        | Noticed Jessica
    18 | D        | Killed Jessica
    18 | D        | Reached skill level 1 in Fighting
    18 | D        | Reached skill level 1 in Armour
    18 | D        | Reached skill level 5 in Stealth
    18 | D        | Reached XP level 2. HP: 12/14 MP: 5/7
    51 | D        | Learned a level 2 spell: Ensorcelled Hibernation
   101 | D        | Reached skill level 5 in Dodging
   101 | D        | Reached skill level 6 in Stealth
   101 | D        | Reached XP level 3. HP: 11/18 MP: 0/9
   108 | D        | Learned a level 3 spell: Confuse
   112 | D        | Learned a level 3 spell: Dazzling Spray
   242 | D        | Gained mutation: Your flesh is cold resistant. [potion of mutation]
   242 | D        | Gained mutation: You are frail (-10% HP). [potion of mutation]
   242 | D        | Gained mutation: Your flesh is heat resistant. [potion of mutation]
   243 | D        | Gained mutation: Your spells are a little easier to cast, but a little less powerful. [potion of mutation]
   243 | D        | Lost mutation: You are frail (-10% HP). [potion of mutation]
   263 | D        | Killed a white draconian scorcher
   264 | D        | Killed a white draconian scorcher
   328 | D        | Noticed a water elemental
   330 | D        | Killed a water elemental
   330 | D        | Reached skill level 7 in Stealth
   330 | D        | Reached skill level 5 in Spellcasting
   330 | D        | Reached skill level 5 in Hexes
   330 | D        | Reached skill level 1 in Ice Magic
   330 | D        | Reached XP level 4. HP: 22/22 MP: 10/12
   335 | D        | Learned a level 3 spell: Tukima's Dance
   348 | D        | Noticed a jelly
   349 | D        | Noticed a shadow
   360 | D        | Killed a yaktaur
   412 | D        | Killed a shadow
   412 | D        | Reached skill level 5 in Short Blades
   412 | D        | Reached skill level 8 in Stealth
   412 | D        | Reached skill level 1 in Conjurations
   412 | D        | Reached XP level 5. HP: 6/26 MP: 1/14
   417 | D        | Killed a yaktaur
   691 | D        | Killed a jelly
   691 | D        | Reached XP level 6. HP: 30/32 MP: 14/16
   706 | D        | Found a stormy altar of Qazlal.
   707 | D        | Found a sacrificial altar of Ru.
   707 | D        | Found a burning altar of Makhleb.
   707 | D        | Found a viscous altar of Jiyva.
   707 | D        | Found a shimmering altar of Xom.
   707 | D        | Found a shadowy altar of Dithmenos.
   707 | D        | Found a sparkling altar of Nemelex Xobeh.
   707 | D        | Found a corrupted altar of Lugonu.
   707 | D        | Found an opulent altar of Gozag.
   707 | D        | Noticed a spatial vortex
   712 | D        | Became a worshipper of Dithmenos the Shadowed
   743 | D        | Mangled by a spatial vortex

Action                   |  1- 3 |  4- 6 || total
-------------------------+-------+-------++-------
Melee: Dagger            |    26 |    16 ||    42
 Cast: Ensorcelled Hiber |     2 |       ||     2
       Corona            |     2 |       ||     2
       Confuse           |     2 |       ||     2
       Dazzling Spray    |       |    14 ||    14
  Use: Scroll            |     4 |       ||     4
       Potion            |     2 |     2 ||     4
 Stab: Sleeping          |     5 |     1 ||     6
       Confused          |     1 |       ||     1
